 Dungeon Crawl Stone Soup version 0.29.1-1-gd02db6906a (webtiles) character file.

Game seed: 17845553201672341576

56 Iusername the Shield-Bearer (level 3, 0/31 HPs)
             Began as a Palentonga Fighter on Sept 21, 2022.
             Slain by a hobgoblin (4 damage)
             ... led by Robin
             ... on level 2 of the Dungeon.
             The game lasted 00:01:49 (1823 turns).

Iusername the Shield-Bearer (Palentonga Fighter)    Turns: 1823, Time: 00:01:50

Health: 0/31       AC:  6    Str: 21    XL:     3   Next: 71%
Magic:  3/3        EV:  7    Int:  8    God:
Gold:   103        SH:  4    Dex: 11    Spells: 2/2 levels left

rFire   . . .      SeeInvis +   a - +0 war axe
rCold   . . .      Faith    .   c - +0 buckler
rNeg    . . .      Spirit   .   b - +0 scale mail
rPois   .          Reflect  .   (no helmet)
rElec   .          Harm     .   (no cloak)
rCorr   .          Rampage  .   (no gloves)
Will    .....                   (no barding)
Stlth   ..........              (no amulet)
HPRegen 0.10/turn               (no ring)
MPRegen 0.08/turn               (no ring)

@: mighty
A: large, rugged brown scales 3, see invisible, deformed body, roll 1, armoured
tail
a: Rolling Charge


You were on level 2 of the Dungeon.
You visited 1 branch of the dungeon, and saw 2 of its levels.

You collected 103 gold pieces.

Inventory:

Hand Weapons
 a - a +0 war axe (weapon)
Armour
 b - a +0 scale mail (worn)
 c - a +0 buckler (worn)
Scrolls
 e - 4 scrolls of identify {unknown}
 f - a scroll of torment {unknown}
 g - a scroll of fear {unknown}
 j - a scroll of teleportation {unknown}
 k - a scroll of acquirement {unknown}
Potions
 h - a potion of heal wounds {unknown}
 i - a potion of curing {unknown}


   Skills:
 + Level 3.2 Fighting
 + Level 2.9 Axes
 + Level 2.7 Armour
 + Level 3.2 Shields


You had 2 spell levels left.
You didn't know any spells.
Your spell library contained the following spells:

 Spells                   Type           Power      Damage    Failure   Level
 Necrotise                Necr           0%         1d4       82%         1
 Vampiric Draining        Necr           0%         2d6       99%         3
 Agony                    Necr           0%         N/A       100%        5


Dungeon Overview and Level Annotations

Branches:
Dungeon (2/15)

Altars:


Innate Abilities, Weirdness & Mutations

You are completely covered in rugged brown scales. (AC +3, +7% HP)
You have supernaturally acute eyesight. (SInv)
Armour fits poorly on your strangely shaped body.
You can roll at nearby foes to attack.
You have a long armoured tail.


Message History

You slash the ball python!
You kill the ball python!
You barely miss the hobgoblin. You hit the goblin.
You kill the goblin!
A goblin comes into view. It is wielding a +0 dagger.
You block the hobgoblin's attack. The goblin hits you with a +0 dagger.
A hobgoblin comes into view.
The hobgoblin hits you.
Unknown command.
You closely miss Robin. You closely miss the goblin. You hit the hobgoblin.
Robin barely misses you. The hobgoblin hits you. You block the goblin's attack.
Unknown command.
You slash the hobgoblin!
You kill the hobgoblin!
You barely miss Robin. You closely miss the goblin. You block Robin's attack.
The goblin hits you but does no damage. The goblin hits you with a +0 dagger.
Robin throws the goblin at you! The goblin completely misses you.
You feel very mighty all of a sudden. Robin throws the goblin at you!
You block the goblin's attack. The goblin barely misses you.
The hobgoblin hits you.
* * * LOW HITPOINT WARNING * * *
You hit Robin.
Robin is lightly wounded.
You closely miss the hobgoblin. You slash the goblin!
You kill the goblin!
You slash the goblin!
You kill the goblin!
You block the hobgoblin's attack. Robin closely misses you.
You closely miss Robin.
Robin is lightly wounded.
You closely miss the hobgoblin. Robin hits you with a +0 mace.
* * * LOW HITPOINT WARNING * * *
The hobgoblin hits you but does no damage.
You slash Robin!
You kill Robin!
You barely miss the hobgoblin.
The hobgoblin hits you but does no damage.
A goblin comes into view. It is wielding a +0 dagger.
The hobgoblin hits you.
You die...

.# ..# ## . ...# #.. .
###.... ....#. g.....#
...#.###......# #+#####
......#.)g.....#
............#..)@†......
....(..........).).#+###
....... ##.#.#.##.#.#
...... #.#.##'#.# ..#'##
###.#.#......# .....#
#.....'......+ .. #.#..#
#.#.#.#......#....
..#..### ...#...........
.......######.####'###....


You could see a hobgoblin (strong) and a goblin.

Vanquished Creatures
  Robin (D:2)
  2 adders (D:2)
  2 ball pythons
  4 bats
  3 endoplasms
  4 giant cockroaches
  9 goblins
  3 hobgoblins (D:2)
  2 jackals (D:2)
  A frilled lizard (D:1)
  A kobold (D:1)
  2 rats (D:1)
34 creatures vanquished.

Notes
Turn   | Place    | Note
-------+----------+-------------------------------------------
     0 | D:1      | Iusername the Palentonga Fighter began the quest for the
                  | Orb.
     0 | D:1      | Reached XP level 1. HP: 19/19 MP: 1/1
   297 | D:1      | Reached XP level 2. HP: 14/25 MP: 2/2
   772 | D:1      | Found a faded altar of an unknown god.
  1491 | D:2      | Reached XP level 3. HP: 26/31 MP: 3/3
  1814 | D:2      | Noticed Robin
  1823 | D:2      | Killed Robin
  1823 | D:2      | Slain by a hobgoblin

Illustrated notes

Levels and vault maps discovered:
D:1:      lordsloth_arrival_two_stooges, layout_basic,
          shapermc_ecumenical_altar_petra, dk_noncrumbling_4
D:2:      layout_basic, uniq_robin

Skill      XL: |  1 |
---------------+----+-----
Shields        | 3 |  3.2
Fighting       | |  3.2
Axes           | |  2.9
Armour         | |  2.7

Action                   || total
-------------------------++-------
Melee: War axe           ||    86
       Tailslap          ||     3
 Abil: Rolling Charge    ||     1
  Use: Potion            ||     1
Armor: Scale mail        ||    63
Dodge: Dodged            ||    37
Block: Buckler           ||    29
